 Dungeon Crawl Stone Soup version 0.21.1-1-g345015f (webtiles) character file.

54 inc the Ducker (level 3, 0/15 HPs)
             Began as a Felid Transmuter on Mar 5, 2018.
             Slain by an adder (4 damage)
             ... on level 2 of the Dungeon.
             The game lasted 00:02:07 (1702 turns).

inc the Ducker (Felid Transmuter)                   Turns: 1702, Time: 00:02:08

Health: 0/15       AC:  1    Str:  6    XL:     3   Next: 66%
Magic:  7/7        EV: 21    Int: 15    God:
Gold:   50         SH:  0    Dex: 16    Spells: 5/6 levels left
                                        Lives:  0   Deaths: 0

rFire    . . .     SeeInvis +     - Unarmed
rCold    + . .     Gourm    .   (shield unavailable)
rNeg     . . .     Faith    .   (armour unavailable)
rPois    .         Spirit   .   (helmet unavailable)
rElec    .         Reflect  .   (cloak unavailable)
rCorr    .         Harm     .   (gloves unavailable)
MR       .....                  (boots unavailable)
Stlth    ++........             (no amulet)
HPRegen  0.05/turn              d - ring of protection from cold
MPRegen  0.10/turn              (no ring)

@: lethally poisoned (0 -> -18), appendage (expiring), quick
A: very small, no armour, no weapons or thrown items, stealth, claws 1, fangs 3,
horns 2, see invisible, carnivore, speed 1, shaggy fur 1, slow metabolism 1,
sharp paws
a: End Transformation


You were on level 2 of the Dungeon.
You were not hungry.
You had grown temporary horns.
You visited 1 branch of the dungeon, and saw 3 of its levels.

You collected 50 gold pieces.

Inventory:

Missiles
 a - 27 arrows
Jewellery
 d - a ring of protection from cold (left paw)
 f - a -3 ring of protection
Scrolls
 g - a scroll of identify
 i - 3 scrolls of teleportation {unknown}
 j - a scroll of noise {unknown}
Potions
 e - a potion of ambrosia {unknown}
 h - a potion of brilliance
 k - a potion of agility {unknown}
 l - a potion of curing
Books
 b - a book of Changes

   Spells                             Type                      Level
   a - Beastly Appendage              Transmutation                1
   b - Sticks to Snakes               Transmutation                2
   c - Spider Form                    Transmutation/Poison         3
   d - Ice Form                       Ice/Transmutation            4
   e - Blade Hands                    Transmutation                5
Comestibles
 c - 3 rations


   Skills:
 - Level 1.0 Fighting
 + Level 5.4 Dodging
 - Level 3.0 Unarmed Combat
 - Level 2.0 Spellcasting
 - Level 2.1 Transmutations


You had 5 spell levels left.
You knew the following spells:

 Your Spells              Type           Power        Failure   Level  Hunger
a - Beastly Appendage     Tmut           #.....       9%          1    #......


Dungeon Overview and Level Annotations

Branches:
Dungeon (3/15)

Altars:


Innate Abilities, Weirdness & Mutations

You cannot wear armour.
You are incapable of wielding weapons or throwing items.
Your paws allow you to move quietly. (Stealth)
You have sharp claws.
You have razor-sharp teeth.
You have supernaturally acute eyesight. (SInv)
You are carnivorous and can eat meat at any time.
You cover ground quickly.
You are covered in fur. (AC +1)
You have a slow metabolism.
Your sharp claws are effective at attacking unaware monsters.
You have a pair of horns on your head.


Message History

You feel sick. The adder bites you.
You are lethally poisoned!
The adder poisons you! The adder misses you.
You scratch the adder but do no damage.
The adder is almost dead.
Your transformation is almost over.
You feel sick. The adder closely misses you.
You are too injured to fight recklessly!
You are too injured to fight recklessly!
You are too injured to fight recklessly!
You closely miss the adder. Your bite misses the adder.
The adder is almost dead.
You feel sick. The adder bites you.
You are more poisoned.
The adder poisons you!
You closely miss the adder.
The adder is almost dead.
* * * LOW HITPOINT WARNING * * *
You feel sick. The adder bites you.
You die...

##### ....# ....#
....# ....###
....#<# ###########
....#.# #.........#
....#.###.......S.#
....'...'.......@.#
....#.#[#.........#
....#.#.#.........#
#####.#.#.........#
...##.#.#.........#
...##.#.#.........#
...##.#.#.........#
...##.#.#.........#
...##.#.###########


You could see an adder.

Vanquished Creatures
  2 adders (D:2)
  3 leopard geckos (D:1)
  2 giant cockroaches (D:2)
  7 goblins
  5 hobgoblins
  2 jackals (D:1)
  A bat (D:1)
  3 frilled lizards (D:1)
  3 kobolds (D:1)
  3 rats
31 creatures vanquished.

Notes
Turn   | Place    | Note
-------+----------+-------------------------------------------
     0 | D:1      | inc the Felid Transmuter began the quest for the Orb.
     0 | D:1      | Reached XP level 1. HP: 9/9 MP: 4/4
    28 | D:1      | Reached skill level 3 in Dodging
   330 | D:1      | Reached XP level 2. HP: 11/12 MP: 6/6
   593 | D:1      | Reached skill level 4 in Dodging
  1116 | D:2      | Reached XP level 3. HP: 15/15 MP: 7/7
  1141 | D:2      | Reached skill level 5 in Dodging
  1702 | D:2      | Slain by an adder

Skill      XL: |  1  2  3 |
---------------+----------+-----
Dodging        | 3 4 5 |  5.4
Fighting       | |  1.0
Unarmed Combat | |  3.0
Spellcasting   | |  2.0
Transmutations | |  2.1

Action                   || total
-------------------------++-------
Melee: Unarmed           ||   106
       Bite              ||    10
       Headbutt          ||     4
       Punch             ||     1
 Cast: Beastly Appendage ||     7
  Use: Scroll            ||     2
       Potion            ||     1
 Stab: Sleeping          ||     7
  Eat: Chunk             ||     2
Armor: Skin              ||     4
Dodge: Dodged            ||    79
